PAAA
BAKERSFIELD NOBLES @ ALLOWAY HALBERDS
07/19/2019
 
TOP OF THE 1ST
Bakersfield Nobles batting - Pitching for Alloway Halberds : RHP Joe Holmes
Pitching: RHP Joe Holmes
Batting: RHB Bill Sackett 0-0: Ball
1-0: Called Strike
1-1: Called Strike
1-2: Fly out, F6 (Popup, 4M)
Batting: RHB Paul Houston 0-0: Ball
1-0: Swinging Strike
1-1: SINGLE (Flyball, 9S)
Batting: RHB Jorge Gonzáles 0-0: Called Strike
0-1: Ball
1-1: Ball
Paul Houston is caught stealing 2nd base
2-1: Foul Ball, location: 2F
2-2: Ball
3-2: Strikes out swinging
Top of the 1st over - 0 run(s), 1 hit(s), 0 error(s), 0 left on base; Bakersfield 0 - Alloway 0
BOTTOM OF THE 1ST
Alloway Halberds batting - Pitching for Bakersfield Nobles : LHP Ron Barry
Pitching: LHP Ron Barry
Batting: RHB Maurice Wiebe 0-0: Fly out, F3 (Popup, 3F)
Batting: RHB Bill Stewart 0-0: SINGLE (Line Drive, 89S)
Batting: RHB Jonathan Cundall 0-0: Ball
1-0: Ball
2-0: Ball
3-0: Called Strike
3-1: Base on Balls
Bill Stewart to second
Batting: LHB Mathew Rose 0-0: Called Strike
0-1: Ball
1-1: Swinging Strike
1-2: SINGLE (Groundball, 6MD)
Bill Stewart to third
Jonathan Cundall to second
Runner from 3rd tries for Home, SAFE, no throw or cutoff
Batting: RHB Dustin Johnstone 0-0: Ball
1-0: Ball
2-0: Ball
3-0: Base on Balls
Jonathan Cundall to third
Mathew Rose to second
Batting: RHB Aaron Harper 0-0: Ball
1-0: Called Strike
1-1: Swinging Strike
1-2: Fly out, F7 (Flyball, 78D)
Runner from 3rd tags up, SCORES, no throw
Batting: RHB Tracy Larson 0-0: Foul Ball, location: 2F
0-1: Called Strike
0-2: Ball
1-2: Strikes out swinging
Bottom of the 1st over - 2 run(s), 2 hit(s), 0 error(s), 2 left on base; Bakersfield 0 - Alloway 2
TOP OF THE 2ND
Bakersfield Nobles batting - Pitching for Alloway Halberds : RHP Joe Holmes
Batting: RHB Michael Montgomery 0-0: Ball
1-0: Fly out, F5 (Popup, 25)
Batting: LHB Emery Miller 0-0: Fly out, F7 (Flyball, 7LM)
Batting: RHB Juan Alba 0-0: Ball
1-0: SINGLE (Line Drive, 56S)
Batting: RHB Arnie Latham 0-0: Ball
1-0: Fielders Choice at 2nd, U6 (Groundball, 6M)
Top of the 2nd over - 0 run(s), 1 hit(s), 0 error(s), 1 left on base; Bakersfield 0 - Alloway 2
BOTTOM OF THE 2ND
Alloway Halberds batting - Pitching for Bakersfield Nobles : LHP Ron Barry
Batting: RHB Frank Carter 0-0: Called Strike
0-1: Ball
1-1: Foul Ball, location: 2F
1-2: Ball
2-2: Ball
3-2: Foul Ball, location: 2F
3-2: Strikes out swinging
Batting: RHB Pedro Orozco 0-0: Ball
1-0: Ball
2-0: Ball
3-0: Base on Balls
Batting: RHB Maurice Wiebe 0-0: Called Strike
0-1: Grounds into double play, 1-4-3 (Groundball, 13S)
Bottom of the 2nd over - 0 run(s), 0 hit(s), 0 error(s), 0 left on base; Bakersfield 0 - Alloway 2
TOP OF THE 3RD
Bakersfield Nobles batting - Pitching for Alloway Halberds : RHP Joe Holmes
Batting: SHB Mauro López 0-0: Ball
1-0: Ball
2-0: Fly out, F7 (Flyball, 78XD)
Batting: RHB Scotty Anderson 0-0: Called Strike
0-1: Called Strike
0-2: Ball
1-2: SOLO HOME RUN (Flyball, 7D), Distance : 402 ft
Batting: RHB Bill Sackett 0-0: Ball
1-0: Ball
2-0: Foul Ball, location: 2F
2-1: Ground out U3 (Groundball, 3)
Batting: RHB Paul Houston 0-0: Ball
1-0: Foul Ball, location: 2F
1-1: Ball
2-1: Ground out 4-3 (Groundball, 4)
Top of the 3rd over - 1 run(s), 1 hit(s), 0 error(s), 0 left on base; Bakersfield 1 - Alloway 2
BOTTOM OF THE 3RD
Alloway Halberds batting - Pitching for Bakersfield Nobles : LHP Ron Barry
Batting: RHB Bill Stewart 0-0: Ball
1-0: Ball
2-0: Ball
3-0: Called Strike
3-1: Base on Balls
Batting: RHB Jonathan Cundall 0-0: Ball
1-0: Ball
2-0: Fly out, F3 (Popup, 34)
Batting: LHB Mathew Rose 0-0: Fielders Choice at 2nd, 1-6 (Groundball, 25)
Batting: RHB Dustin Johnstone 0-0: Called Strike
0-1: Ball
1-1: Ball
2-1: Fielders Choice at 2nd, 6-4 (Groundball, 6)
Bottom of the 3rd over - 0 run(s), 0 hit(s), 0 error(s), 0 left on base; Bakersfield 1 - Alloway 2
TOP OF THE 4TH
Bakersfield Nobles batting - Pitching for Alloway Halberds : RHP Joe Holmes
Batting: RHB Jorge Gonzáles 0-0: Fly out, F9 (Flyball, 9M)
Batting: RHB Michael Montgomery 0-0: Called Strike
0-1: Ball
1-1: Ball
2-1: SINGLE (Line Drive, 4D)
Batting: LHB Emery Miller 0-0: Called Strike
0-1: Ball
1-1: Ball
2-1: Foul Ball, location: 2F
2-2: Foul Ball, location: 2F
2-2: Ball
3-2: Foul Ball, location: 2F
3-2: Base on Balls
Michael Montgomery to second
Batting: RHB Juan Alba 0-0: Foul Ball, location: 2F
0-1: Ball
1-1: Foul Ball, location: 2F
1-2: Foul Ball, location: 2F
1-2: Ball
2-2: Foul Ball, location: 2F
2-2: Grounds into double play, 6-4-3 (Groundball, 6)
Top of the 4th over - 0 run(s), 1 hit(s), 0 error(s), 1 left on base; Bakersfield 1 - Alloway 2
BOTTOM OF THE 4TH
Alloway Halberds batting - Pitching for Bakersfield Nobles : LHP Ron Barry
Batting: RHB Aaron Harper 0-0: Called Strike
0-1: Ball
1-1: Foul Ball, location: 2F
1-2: Strikes out looking
Batting: RHB Tracy Larson 0-0: Called Strike
0-1: Ball
1-1: Ball
2-1: Ball
3-1: DOUBLE (Groundball, 3L)
Batting: RHB Frank Carter 0-0: Swinging Strike
0-1: Swinging Strike
0-2: Foul Ball, location: 2F
0-2: Ball
1-2: Ball
2-2: Ground out U3 (Groundball, 3L)
Tracy Larson to third
Batting: RHB Pedro Orozco 0-0: Ball
1-0: Ball
2-0: Ball
3-0: Called Strike
3-1: Fly out, F9 (Flyball, 9LM)
Bottom of the 4th over - 0 run(s), 1 hit(s), 0 error(s), 1 left on base; Bakersfield 1 - Alloway 2
TOP OF THE 5TH
Bakersfield Nobles batting - Pitching for Alloway Halberds : RHP Joe Holmes
Batting: RHB Arnie Latham 0-0: Called Strike
0-1: Swinging Strike
0-2: Ball
1-2: Ball
2-2: DOUBLE (Line Drive, 7LM)
Pinch Runner at 2nd Kyle Bridges:
Batting: SHB Mauro López 0-0: Called Strike
0-1: Ball
1-1: Foul Ball, location: 2F
1-2: Fly out, F7 (Flyball, 8LS)
Pitching: RHP Jim Unknown
Batting: RHB Scotty Anderson 0-0: Called Strike
0-1: Ball
1-1: Ball
2-1: Foul Ball, location: 2F
2-2: Strikes out looking
Batting: RHB Bill Sackett 0-0: Foul Ball, location: 2F
0-1: Foul Ball, location: 2F
0-2: Foul Ball, location: 2F
0-2: Ball
1-2: Foul Ball, location: 2F
1-2: Foul Ball, location: 2F
1-2: Ball
2-2: Ball
3-2: Foul Ball, location: 2F
3-2: Base on Balls
Batting: RHB Paul Houston 0-0: Ground out 4-3 (Groundball, 4MS)
Top of the 5th over - 0 run(s), 1 hit(s), 0 error(s), 2 left on base; Bakersfield 1 - Alloway 2
BOTTOM OF THE 5TH
Alloway Halberds batting - Pitching for Bakersfield Nobles : LHP Ron Barry
Now at 1B: Kyle Bridges
Batting: RHB Maurice Wiebe 0-0: Called Strike
0-1: Ball
1-1: Ball
2-1: Ball
3-1: Called Strike
3-2: SINGLE (Line Drive, 34)
Pitching: LHP Royce Bradshaw
Batting: RHB Bill Stewart 0-0: Foul Ball, location: 2F
0-1: Sac Bunt - play at first, batter safe!
Maurice Wiebe to second
Batting: RHB Jonathan Cundall 0-0: Called Strike
0-1: Called Strike
0-2: Ball
1-2: Strikes out swinging
Batting: LHB Mathew Rose 0-0: Ball
1-0: Foul Ball, location: 2F
1-1: Ball
2-1: Called Strike
Bill Stewart is caught stealing 2nd base
2-2: Ball
3-2: Foul Ball, location: 2F
3-2: Ground out 6-3 (Groundball, 6)
Bottom of the 5th over - 0 run(s), 2 hit(s), 0 error(s), 1 left on base; Bakersfield 1 - Alloway 2
TOP OF THE 6TH
Bakersfield Nobles batting - Pitching for Alloway Halberds : RHP Jim Unknown
Batting: RHB Jorge Gonzáles 0-0: Called Strike
0-1: SINGLE (Line Drive, 78S)
Batting: RHB Michael Montgomery 0-0: Called Strike
0-1: Called Strike
0-2: Ball
1-2: Ball
2-2: Ball
3-2: Foul Ball, location: 2F
3-2: Foul Ball, location: 2F
3-2: Foul Ball, location: 2F
3-2: Foul Ball, location: 2F
3-2: Foul Ball, location: 2F
3-2: Fly out, F8 (Flyball, 8RM)
Batting: LHB Emery Miller 0-0: Ball
1-0: Called Strike
1-1: Called Strike
1-2: Fly out, F8 (Flyball, 8LXD)
Batting: RHB Juan Alba 0-0: Ball
1-0: 2-RUN HOME RUN (Flyball, 7D), Distance : 397 ft
Batting: RHB Kyle Bridges 0-0: Ball
1-0: Hit by Pitch
Batting: SHB Mauro López 0-0: Ball
1-0: Fly out, F6 (Line Drive, 6)
Top of the 6th over - 2 run(s), 2 hit(s), 0 error(s), 1 left on base; Bakersfield 3 - Alloway 2
BOTTOM OF THE 6TH
Alloway Halberds batting - Pitching for Bakersfield Nobles : LHP Royce Bradshaw
Batting: RHB Dustin Johnstone 0-0: Called Strike
0-1: Foul Ball, location: 2F
0-2: Foul Ball, location: 2F
0-2: Fly out, F7 (Flyball, 7D)
Batting: LHB Matt Mitchell 0-0: Ball
1-0: Foul Ball, location: 2F
1-1: Ground out 3-1 (Groundball, 34S)
Batting: RHB Tracy Larson 0-0: Ball
1-0: Ball
2-0: Ball
3-0: Foul Ball, location: 2F
3-1: Foul Ball, location: 2F
3-2: Ground out 1-3 (Groundball, 13)
Bottom of the 6th over - 0 run(s), 0 hit(s), 0 error(s), 0 left on base; Bakersfield 3 - Alloway 2
TOP OF THE 7TH
Bakersfield Nobles batting - Pitching for Alloway Halberds : RHP Jim Unknown
Batting: RHB Scotty Anderson 0-0: Foul Ball, location: 2F
0-1: DOUBLE (Flyball, 78XD)
Batting: RHB Bill Sackett 0-0: Ground out 6-3 (Groundball, 6)
Pitching: LHP Jim Unknown
Batting: RHB Paul Houston 0-0: Fly out, F9 (Flyball, 9D)
Runner from 2nd tags up, SAFE at 3rd, no throw
Batting: RHB Jorge Gonzáles 0-0: Ball
1-0: Ball
2-0: Called Strike
2-1: Ground out 4-3 (Groundball, 4)
Top of the 7th over - 0 run(s), 1 hit(s), 0 error(s), 1 left on base; Bakersfield 3 - Alloway 2
BOTTOM OF THE 7TH
Alloway Halberds batting - Pitching for Bakersfield Nobles : LHP Royce Bradshaw
Pitching: RHP Jeff Sloan
Batting: RHB Frank Carter 0-0: Called Strike
0-1: Ball
1-1: Ground out 6-3 (Groundball, 56)
Batting: RHB Pedro Orozco 0-0: Fly out, F9 (Flyball, 9M)
Batting: RHB Maurice Wiebe 0-0: Ball
1-0: SINGLE (Groundball, 5D)
Pinch Hitting: LHB Luis Gutiérrez 0-0: Called Strike
0-1: Ball
1-1: Ball
2-1: Ball
3-1: Ground out 1-3 (Groundball, 13S)
Bottom of the 7th over - 0 run(s), 1 hit(s), 0 error(s), 1 left on base; Bakersfield 3 - Alloway 2
TOP OF THE 8TH
Bakersfield Nobles batting - Pitching for Alloway Halberds : LHP Jim Unknown
Now at SS: Juan Martínez
Batting: RHB Michael Montgomery 0-0: Ball
1-0: Ball
2-0: Ground out 1-3 (Groundball, 15)
Batting: LHB Emery Miller 0-0: Ball
1-0: Called Strike
1-1: Called Strike
1-2: Ball
2-2: Strikes out swinging
Batting: RHB Juan Alba 0-0: Ball
1-0: Ball
2-0: Swinging Strike
2-1: Ground out 5-3 (Groundball, 5L)
Top of the 8th over - 0 run(s), 0 hit(s), 0 error(s), 0 left on base; Bakersfield 3 - Alloway 2
BOTTOM OF THE 8TH
Alloway Halberds batting - Pitching for Bakersfield Nobles : RHP Jeff Sloan
Batting: RHB Jonathan Cundall 0-0: Called Strike
0-1: Ball
1-1: Ball
2-1: Called Strike
2-2: Ball
3-2: Foul Ball, location: 2F
3-2: Base on Balls
Batting: LHB Mathew Rose 0-0: Ball
Passed Ball!
Jonathan Cundall to second
1-0: Ball
2-0: Ball
3-0: Base on Balls
Batting: RHB Dustin Johnstone 0-0: Called Strike
0-1: SINGLE (Line Drive, 4D)
Jonathan Cundall to third
Mathew Rose to second
Batting: LHB Matt Mitchell 0-0: Ball
1-0: Foul Ball, location: 2F
1-1: Ball
2-1: Ball
3-1: Foul Ball, location: 2F
3-2: SINGLE (Groundball, 5D)
Jonathan Cundall scores
Mathew Rose to third
Dustin Johnstone to second
Batting: RHB Tracy Larson 0-0: SINGLE (Groundball, 56D)
Mathew Rose scores
Dustin Johnstone to third
Matt Mitchell to second
Runner from 3rd tries for Home, SAFE, throw made at trailing runner, OUT at third!
Pitching: RHP León Vásquez
Batting: RHB Frank Carter 0-0: Called Strike
0-1: Called Strike
0-2: Ball
1-2: Foul Ball, location: 2F
1-2: Ball
2-2: Strikes out swinging
Batting: RHB Pedro Orozco 0-0: Ball
1-0: Called Strike
Tracy Larson is caught stealing 2nd base
Bottom of the 8th over - 3 run(s), 3 hit(s), 0 error(s), 0 left on base; Bakersfield 3 - Alloway 5
TOP OF THE 9TH
Bakersfield Nobles batting - Pitching for Alloway Halberds : LHP Jim Unknown
Pitching: RHP Gene Anderson
Now at 2B: Neil Ladner
Now at 3B: Mark Davis
Batting: RHB Kyle Bridges 0-0: Ball
1-0: Ball
2-0: Called Strike
2-1: Foul Ball, location: 2F
2-2: Ground out 5-3 (Groundball, 5L)
Batting: SHB Mauro López 0-0: Foul Ball, location: 2F
0-1: Ball
1-1: Foul Ball, location: 2F
1-2: Ball
2-2: Ball
3-2: Fly out, F4 (Popup, 4D)
Batting: RHB Scotty Anderson 0-0: SOLO HOME RUN (Flyball, 7D), Distance : 374 ft
Batting: RHB Bill Sackett 0-0: Ball
1-0: Foul Ball, location: 2F
1-1: Called Strike
1-2: TRIPLE (Flyball, 89M)
Batting: RHB Paul Houston 0-0: Swinging Strike
0-1: Ball
1-1: Ball
2-1: Foul Ball, location: 2F
2-2: SINGLE (Line Drive, 6D)
Bill Sackett scores
Batting: RHB Jorge Gonzáles 0-0: Ball
1-0: Called Strike
1-1: Ball
Paul Houston is caught stealing 2nd base
Top of the 9th over - 2 run(s), 3 hit(s), 0 error(s), 0 left on base; Bakersfield 5 - Alloway 5
BOTTOM OF THE 9TH
Alloway Halberds batting - Pitching for Bakersfield Nobles : RHP León Vásquez
Pitching: LHP Jim Unknown
Batting: RHB Pedro Orozco 0-0: Foul Ball, location: 2F
0-1: Foul Ball, location: 2F
0-2: Strikes out swinging
Pinch Hitting: RHB Jack Tucker 0-0: Foul Ball, location: 2F
0-1: Ball
1-1: Ball
2-1: Called Strike
2-2: Foul Ball, location: 2F
2-2: SOLO HOME RUN (Flyball, 7D), Distance : 398 ft
This league is powered by Out of the Park Baseball, the baseball management simulation game for PC, Mac and Linux
Saturday, July 25th, 2015 - OOTP Baseball 15.6 Build 34